Construct Section Command Post
Selects Canadian Shock Battlegroup
Construct Field Infirmary
Construct Platoon Command Post
Selects Offensive Resupply
Unlock Bishop Self-propelled Artillery
Selects Canadian Shock Section
Selects Incendiary Munitions
Bishop Self-propelled Artillery
Bishop Self-propelled Artillery
6-pounder Anti-tank Gun Team
6-pounder Anti-tank Gun Team
Selects Churchill Crocodile Heavy Tank
Churchill Crocodile Heavy Tank
6-pounder Anti-tank Gun Team